 Dungeon Crawl Stone Soup version 0.30-a0-439-g9e77e4d916 (webtiles) character file.

Game seed: 1965123734082731608

1990 Jackthecabe the Conjurer (level 8, -3/66 HPs)
             Began as a Demigod Conjurer on Dec 10, 2022.
             Killed from afar by Maggie (25 damage)
             ... with a bolt of fire
             ... on level 6 of the Dungeon.
             The game lasted 00:22:06 (7421 turns).

Jackthecabe the Conjurer (Demigod Conjurer)         Turns: 7421, Time: 00:22:06

Health: -3/66      AC:  3    Str:  8    XL:     8   Next: 70%
Magic:  4/14       EV: 12    Int: 28    God:
Gold:   294        SH:  0    Dex: 12    Spells: 0/11 levels left

rFire   . . .      SeeInvis .    v - +3 dagger (speed)
rCold   . . .      Faith    .    (no shield)
rNeg    . . .      Spirit   .    a - +0 robe
rPois   +          Reflect  .    (no helmet)
rElec   .          Harm     .    (no cloak)
rCorr   .          Rampage  .    n - +0 pair of gloves
Will    .....                    (no boots)
Stlth   ++........               (no amulet)
HPRegen 0.31/turn                L - ring of flight
MPRegen 0.14/turn                P - ring of poison resistance

@: mighty, flying, mesmerised
A: high MP 1, forlorn, divine attributes
a: no special abilities


You were on level 6 of the Dungeon.
You visited 1 branch of the dungeon, and saw 6 of its levels.

You collected 294 gold pieces.


Innate Abilities, Weirdness & Mutations

You have an increased reservoir of magic. (+10% MP)
You shall have no god before yourself.
Your divine heritage dramatically boosts your attributes as you level up.


   Skills:
 - Level 4.0 Fighting
 - Level 2.0 Armour
 - Level 2.0 Dodging
 - Level 1.7 Stealth
 - Level 2.0 Spellcasting
 + Level 7.9 Conjurations
 - Level 6.0 Hexes
 - Level 2.0 Evocations


You couldn't memorise any spells.
You knew the following spells:

 Your Spells              Type           Power      Damage    Failure   Level
f - Fulminant Prism       Conj/Hex       20%        3d12      5%          4
i - Iskenderun's Mystic   Conj/Tloc      24%        2d7       19%         4
m - Magic Dart            Conj           100%       1d8       1%          1
s - Searing Ray           Conj           94%        2d7       1%          2

Your spell library contained the following spells:

 Spells                   Type           Power      Damage    Failure   Level
 Dazzling Flash           Conj/Hex       82%        N/A       1%          3

Inventory:

Hand Weapons
 p - a +0 hand axe
   (You took it off an orc on level 3 of the Dungeon)
 s - a +0 broad axe
   (You took it off a gnoll on level 3 of the Dungeon)
 v - a +3 dagger of speed (weapon)
   (You found it on level 4 of the Dungeon)
Missiles
 d - 12 poisoned darts
 h - 61 stones
 w - a throwing net {=f!f}
 y - 8 boomerangs
Armour
 a - a +0 robe (worn)
 l - the +1 ring mail "Gipig" {Will+ Dex+3}
   (You found it on level 2 of the Dungeon)

   Dex:       It affects your dexterity (+3).
   Will:      It increases your willpower.
 n - a +0 pair of gloves (worn)
   (You found it on level 2 of the Dungeon)
Jewellery
 L - a ring of flight (left hand)
   (You found it on level 2 of the Dungeon)
 P - a ring of poison resistance (right hand)
   (You found it on level 3 of the Dungeon)
 Z - a ring of wizardry
   (You took it off an orc wizard on level 6 of the Dungeon)
Wands
 b - a wand of roots (7)
   (You took it off an orc on level 6 of the Dungeon)
 B - a wand of digging (4)
   (You found it on level 5 of the Dungeon)
Scrolls
 c - a scroll of enchant armour {unknown}
 e - 3 scrolls of butterflies {unknown}
 f - a scroll of brand weapon {unknown}
 g - 2 scrolls of vulnerability {unknown}
 i - 7 scrolls of identify {unknown}
 k - 4 scrolls of blinking {unknown}
 o - 2 scrolls of enchant weapon {unknown}
 r - 2 scrolls of immolation {!r!r}
 t - 3 scrolls of teleportation {unknown}
Potions
 j - 4 potions of curing {@q1}
 m - a potion of attraction {unknown}
 q - a potion of resistance {unknown}
 u - a potion of cancellation {unknown}
 x - 2 potions of might
 z - 2 potions of berserk rage {unknown}
 A - a potion of degeneration {unknown}

Dungeon Overview and Level Annotations

Branches:
Dungeon (6/15) Zot: 26069  Temple (0/1) D:4

Annotations:
D:3 1 runed translucent door, Ahpoh's ghost, amateur GrGl
D:4 3 runed translucent doors, ystael's ghost, amateur MiFi
D:6 Maggie

.####.##.#....#.~≈....≈~##
..........###.....≈≈~#.≈~.
####..##.## ##......≈...≈≈ #
#.###.# #......≈.#... # #.
#.# ##........# ## # #. ##.
#..####...# # #. # .#.#
##.####### # #.#
#####..#####.......# # #.#
#......@@........... ## #.#
#.#................# .# #.#
#..##............##. ## #.#
#..#.#..........#.# ## #.#
#...#.##......##.#.. .###.#
##....##.#....#.##...
.....####.....#.#.####.#.#...
)###.......[...#.##..##.#....
## #.####>......##....##....


You could see Maggie (mesmerising).


Message History

You conjure a prism of explosive energy!
Maggie shouts!
A fulminant prism comes into view. 😎 MP[-4]
You lost 4 mp, and now have 10/14 mp.
Casting: Fulminant Prism (dangerous; 5% risk of failure)
Confirm with . or Enter, or press ? or * to list all spells.
Aiming: Searing Ray (safe; 1% risk of failure)
Press: ? - help, Shift-Dir - straight line, f - Maggie
Aim: Maggie, wielding a +1 broad axe of flaming and wearing +0 swamp dragon scales (ally target, 84% to hit)
The searing ray hits Maggie but does no damage. (Press . to maintain the ray.)
Your fulminant prism crackles loudly. 😎 MP[-2]
You lost 2 mp, and now have 8/14 mp.
The searing ray misses Maggie.
Maggie casts a spell at you. The bolt of fire hits you!!
The blast of energy engulfs Maggie!! 😮 HP[-23] MP[-1]
You take 23 damage, and now have 43/66 hp.
MASSIVE DAMAGE!! (PAUSE)
You lost 1 mp, and now have 7/14 mp.
The searing ray hits Maggie.
Maggie casts a spell.
Maggie attempts to bespell you!
You resist with almost no effort. 😮 MP[-1]
You lost 1 mp, and now have 6/14 mp.
Casting: Searing Ray (safe; 1% risk of failure)
Confirm with . or Enter, or press ? or * to list all spells.
Aiming: Fulminant Prism (dangerous; 5% risk of failure)
Press: ? - help, Dir - move target, p - Maggie You conjure a prism of explosive energy!
A fulminant prism comes into view.
Maggie closely misses you. 😮 HP[+1] MP[-4]
You lost 4 mp, and now have 2/14 mp.
Casting: Fulminant Prism (dangerous; 5% risk of failure)
Confirm with . or Enter, or press ? or * to list all spells.
Okay, then.
You hit Maggie but do no damage. You puncture Maggie!
Maggie practices a pose.
Maggie points at you and mumbles some strange words.
The bolt of fire hits you!
* * * LOW HITPOINT WARNING * * *
Your fulminant prism crackles loudly. 😨 HP[-11]
You take 11 damage, and now have 33/66 hp.
Unknown command.
You hit Maggie but do no damage.
Maggie says, "Fear not.
I will immortalize you in the tale of my first kill."
Maggie hits you with a +1 broad axe of flaming!
* * * LOW HITPOINT WARNING * * *
Maggie burns you.
* * * LOW HITPOINT WARNING * * *
The blast of energy engulfs Maggie!! 😨 HP[-11] MP[+1]
You take 11 damage, and now have 22/66 hp.
Press: ? - help, v - describe, . - travel
Here: Maggie, wielding a +1 broad axe of flaming and wearing +0 swamp dragon scales (severely wounded)
The floor.
Casting: Fulminant Prism (dangerous; 5% risk of failure)
Confirm with . or Enter, or press ? or * to list all spells.
Okay, then. 😨 HP[+1] Maggie attacks as you move away!
Maggie hits you with a +1 broad axe of flaming!
* * * LOW HITPOINT WARNING * * *
Maggie burns you.
* * * LOW HITPOINT WARNING * * *
Maggie mumbles some strange words.
Maggie attempts to bespell you!
You are mesmerised by Maggie! 😱 HP[-10]
You take 10 damage, and now have 13/66 hp.
Okay, then.
Casting: Fulminant Prism (dangerous; 5% risk of failure)
Confirm with . or Enter, or press ? or * to list all spells.
Okay, then.
It was a potion of curing.
You feel better.
Maggie casts a spell.
Maggie draws you further into her thrall. 😨 HP[+7]
You regained 7 hp, and now have 20/66 hp.
It was a potion of might.
You feel very mighty all of a sudden. 😨 HP[+1]
You puncture Maggie! You closely miss Maggie.
Maggie casts a spell.
Maggie draws you further into her thrall.
You hit Maggie. Maggie barely misses you.
You closely miss Maggie. 😨 HP[+1] MP[+1]
You hit Maggie but do no damage. Your punch misses Maggie.
Maggie hits you but does no damage.
You closely miss Maggie. Maggie gestures at you while chanting.
The bolt of fire hits you!!
You die...

Skill      XL: |  1  2  3  4  5  6  7  8 |
---------------+-------------------------+-----
Conjurations   | 4 5 6 7 |  7.9
Spellcasting   | 2 |  2.0
Fighting       | 2 4 |  4.0
Hexes          | 2 6 |  6.0
Evocations     | 1 2 |  2.0
Armour         | 2 |  2.0
Dodging        | 2 |  2.0
Stealth        | |  1.7

Action                   |  1- 3 |  4- 6 |  7- 9 || total
-------------------------+-------+-------+-------++-------
Melee: Unarmed           |    23 |       |       ||    23
       Broad axe         |       |     9 |       ||     9
       Dagger            |       |     8 |    22 ||    30
 Cast: Magic Dart        |    90 |   123 |   108 ||   321
       Searing Ray       |     2 |     9 |    17 ||    28
       Fulminant Prism   |       |       |     6 ||     6
  Use: Potion            |       |       |     4 ||     4
Armor: Robe              |     4 |     6 |     8 ||    18
Dodge: Dodged            |    18 |    31 |    28 ||    77

Levels and vault maps discovered:
D:1:      nzn_arrival_crosshair, layout_basic, grunt_decor_one_mirror
D:2:      layout_rooms, minmay_pentomino_v2
D:3:      layout_loops_ring, chequers_temple_overflow_statue_of_worship,
          ebering_ghost_reflecting_pool, hellmonk_ecumenical_altar_blasted,
          uniq_terence
D:4:      minmay_chambers_of_twos, layout_rooms,
          minmay_temple_entry_drinking_statues, ebering_ghost_gozag,
          corexii_shack
D:5:      layout_basic, minmay_strange_pillars, uniq_eustachio,
          uniq_blork_the_orc
D:6:      layout_loops_ring, minmay_misc_feat_secret_circle,
          chequers_serial_rivers_small_b, nicolae_elemental_shop, uniq_maggie,
          uniq_grinder

Notes
Turn   | Place    | Note
-------+----------+-------------------------------------------
     0 | D:1      | Jackthecabe the Demigod Conjurer began the quest for the
                  | Orb.
     0 | D:1      | Reached XP level 1. HP: 14/14 MP: 5/5
     0 | D:1      | magus.rc [v1.11.4]
   260 | D:1      | Reached skill level 4 in Conjurations
   282 | D:1      | Reached XP level 2. HP: 20/20 MP: 1/7
   495 | D:1      | Learned a level 2 spell: Searing Ray
   756 | D:1      | HP: 1/20 [hobgoblin (5)]
   977 | D:1      | Reached XP level 3. HP: 26/26 MP: 6/8
  1599 | D:2      | Identified the +1 ring mail "Gipig" {Will+ Dex+3}
  2081 | D:3      | Reached skill level 5 in Conjurations
  2291 | D:3      | Reached XP level 4. HP: 33/33 MP: 5/9
  2472 | D:3      | Reached skill level 2 in Spellcasting
  2525 | D:3      | HP: 5/33 [orc priest/nerve-wracking pain (6)]
  2947 | D:3      | Reached skill level 6 in Conjurations
  2947 | D:3      | Reached XP level 5. HP: 39/39 MP: 6/10
  2952 | D:3      | Learned a level 4 spell: Fulminant Prism
  3071 | D:3      | Noticed Terence
  3081 | D:3      | Killed Terence
  3082 | D:3      | Reached skill level 1 in Fighting
  3259 | D:3      | Found a runed translucent door.
  3264 | D:3      | Noticed Ahpoh's ghost (amateur GrGl)
  3560 | D:4      | Noticed a black bear
  3575 | D:4      | Killed a black bear
  3576 | D:4      | Reached skill level 2 in Fighting
  3854 | D:4      | Reached XP level 6. HP: 48/50 MP: 6/11
  3910 | D:4      | Reached skill level 3 in Fighting
  4000 | D:4      | Found a staircase to the Ecumenical Temple.
  4253 | D:4      | Reached skill level 4 in Fighting
  4453 | D:4      | Found a runed translucent gate.
  4453 | D:4      | Found a runed translucent gate.
  4453 | D:4      | Found a runed translucent gate.
  4456 | D:4      | Noticed ystael's ghost (amateur MiFi)
  4456 | D:4      | Noticed a steam dragon
  4517 | D:4      | Reached skill level 1 in Hexes
  4643 | D:5      | Entered Level 5 of the Dungeon
  4646 | D:5      | Reached skill level 2 in Hexes
  4834 | D:5      | Reached XP level 7. HP: 56/59 MP: 5/13
  4923 | D:5      | Reached skill level 3 in Hexes
  5098 | D:5      | Noticed Eustachio
  5121 | D:5      | Killed Eustachio
  5122 | D:5      | Reached skill level 4 in Hexes
  5392 | D:5      | Reached skill level 5 in Hexes
  6146 | D:5      | Noticed Blork the orc
  6155 | D:5      | Reached skill level 6 in Hexes
  6161 | D:5      | magus.rc [v1.11.4]
  6162 | D:5      | HP: 10/59 [Blork the orc/puff of flame (6)]
  6163 | D:5      | Killed Blork the orc
  6164 | D:5      | Reached skill level 1 in Evocations
  6164 | D:5      | Reached XP level 8. HP: 12/66 MP: 11/14
  6365 | D:5      | Reached skill level 2 in Evocations
  6365 | D:5      | Reached skill level 1 in Armour
  6497 | D:6      | Reached skill level 2 in Armour
  6497 | D:6      | Reached skill level 2 in Dodging
  6502 | D:6      | Learned a level 4 spell: Iskenderun's Mystic Blast
  6792 | D:6      | Noticed Maggie
  6859 | D:6      | Noticed Grinder
  6859 | D:6      | Paralysed by Grinder for 5 turns
  6870 | D:6      | Killed Grinder
  6985 | D:6      | Reached skill level 7 in Conjurations
  7413 | D:6      | HP: 14/66 [Maggie/+1 broad axe of flaming (9)]
  7421 | D:6      | Killed from afar by Maggie

Vanquished Creatures
  Grinder (D:6)
  Eustachio (D:5)
  2 ice beasts (D:5)
  An orc warrior (D:6)
  A black bear (D:4)
  An ogre (D:6)
  A phantom (D:4)
  Blork the orc (D:5)
  3 scorpions
  3 howler monkeys
  6 hounds
  2 jellies
  5 orc priests
  4 iguanas
  2 orc wizards
  Terence (D:3)
  7 adders
  4 gnolls (D:3)
  A white imp (D:6)
  A worm (D:3)
  4 dart slugs
  17 orcs
  8 endoplasms
  3 giant cockroaches
  12 goblins
  9 hobgoblins
  10 kobolds
  A quokka (D:1)
  10 ball pythons
  2 bats
  2 frilled lizards (D:1)
  2 rats (D:1)
128 creatures vanquished.

Vanquished Creatures (others)
  6 fulminant prisms
6 creatures vanquished.

Grand Total: 134 creatures vanquished

Table legend:
 A = Non-vault XP
 B = Vault XP
 C = Vault XP percentage of total XP
 D = Non-vault monster count
 E = Vault monster count
 F = Vault count percentage of total count
                 A         B        C        D         E       F
            +---------+---------+-------+---------+---------+-------
      Total |    2125 |     719 |  25.3 |     113 |      15 |  11.7
            +---------+---------+-------+---------+---------+-------
        D:1 |      51 |       0 |   0.0 |      30 |       0 |   0.0
        D:2 |      11 |       3 |  21.4 |       5 |       2 |  28.6
        D:3 |     203 |      32 |  13.6 |      25 |       1 |   3.8
        D:4 |     323 |     125 |  27.9 |      16 |       9 |  36.0
        D:5 |     872 |     301 |  25.7 |      21 |       2 |   8.7
        D:6 |     665 |     258 |  28.0 |      16 |       1 |   5.9
            +---------+---------+-------+---------+---------+-------

Illustrated notes

Table legend:
 A = Kills in this place as a percentage of kills in entire the game.
 B = Kills by you in this place as a percentage of kills by you in the entire game.
 C = Kills by friends in this place as a percentage of kills by friends in the entire game.
 D = Other kills in this place as a percentage of other kills in the entire game.
 E = Experience gained in this place as a percentage of experience gained in the entire game.
 F = Experience gained in this place divided by the number of levels of this place that you have seen.
                   A       B       C       D       E      F
               +-------+-------+-------+-------+-------+----------------------
         Total | 100.0 | 100.0 |   N/A |   N/A | 100.0 | 474.0
       Dungeon | 100.0 | 100.0 |   N/A |   N/A | 100.0 | 474.0
               +-------+-------+-------+-------+-------+----------------------

Table legend: (Time is in decaauts)
 A = Elapsed time spent in this place.
 B = Non-inter-level travel time spent in this place.
 C = Inter-level travel time spent in this place.
 D = Time resting spent in this place.
 E = Time spent auto-exploring this place.
 F = Levels seen in this place.
 G = Mean time per level.
                   A        B        C        D        E       F      G
               +--------+--------+--------+--------+--------+-----+--------+
         Total |   7415 |   7254 |    161 |    522 |   5837 |   6 | 1235.8 |
       Dungeon |   7415 |   7254 |    161 |    522 |   5837 |   6 | 1235.8 |
               +--------+--------+--------+--------+--------+-----+--------+

Top non-repeatable levels by time:
     D:5: 1950 daAuts
     D:3: 1495 daAuts
     D:1: 1432 daAuts
     D:4: 1096 daAuts
     D:6: 821 daAuts
     D:2: 619 daAuts
